 Dungeon Crawl Stone Soup version 0.31-a0-557-g6e16503903 (webtiles) character file.

Game seed: 2514259207975504694

6266 Newt the Cleaver (level 10, -2/88 HPs)
             Began as a Green Draconian Shapeshifter on Aug 16, 2023.
             Was an Initiate of Gozag.
             Shot with an arrow by a centaur warrior (20 damage)
             ... on level 10 of the Dungeon.
             The game lasted 00:09:27 (9630 turns).

Newt the Cleaver (Green Draconian Shapeshifter)     Turns: 9630, Time: 00:09:27

Health: -2/88      AC: 11    Str: 22    XL:     10   Next: 62%
Magic:  10/10      EV: 13    Int:  9    God:    Gozag
Gold:   945        SH:  0    Dex: 11    Spells: 9/9 levels left

rFire   . . .        u - +9 war axe (flame)
rCold   . . .        (no shield)
rNeg    . . .        (body armour unavailable)
rPois   +            (helmet currently unavailable)
rElec   .            (cloak currently unavailable)
rCorr   .            (gloves currently unavailable)
SInv    .            (boots currently unavailable)
Will    .....        (no amulet)
Stlth   +            q - +4 ring of protection
HPRegen 0.34/turn    (no ring)
MPRegen 0.12/turn

%: no passive effects
@: beast-form, invisible
A: beast (slay +4), breathe noxious fumes, AC +7, unfitting armour, poison
resistance, cold-blooded
a: Breathe Noxious Fumes, Begin Untransformation, Renounce Religion, Potion
Petition, Call Merchant, Bribe Branch


You were on level 10 of the Dungeon.
You worshipped Gozag.
Gozag was pleased with you.
You were a hulking beast.
You visited 2 branches of the dungeon, and saw 11 of its levels.

You collected 1423 gold pieces.
You spent 392 gold pieces at shops.
You paid 86 gold pieces to Gozag.

Inventory:

Hand Weapons
 d - a +2 whip of venom
 h - a +0 mace
 u - a +9 war axe of flaming (weapon)
Missiles
 i - 2 javelins
 l - 28 poisoned darts
Jewellery
 q - a +4 ring of protection (left hand)
 t - a ring of ice
 D - an amulet of magic regeneration
Talismans
 b - a beast talisman (active)
 c - a flux talisman
Wands
 g - a wand of flame (7)
 s - a wand of polymorph (7)
 y - a wand of iceblast (7)
Scrolls
 f - 6 scrolls of immolation
 r - a scroll of fog
 x - a scroll of fear
 B - a scroll of poison
 C - a scroll of enchant weapon
 E - a scroll of butterflies
 F - a scroll of revelation
 G - a scroll of amnesia
Potions
 a - 7 potions of lignification
 j - 5 potions of curing
 k - 2 potions of enlightenment
 m - 2 potions of haste
 n - a potion of degeneration {unknown}
 o - a potion of heal wounds {unknown}
 p - 2 potions of brilliance {unknown}
 w - a potion of might {unknown}
 z - a potion of ambrosia {unknown}
 A - 2 potions of attraction {unknown}


   Skills:
 - Level 8.0 Fighting
 - Level 8.7(9.0) Axes
 - Level 3.0(6.2) Maces & Flails
 + Level 5.6 Dodging
 - Level 3.0 Unarmed Combat
 - Level 7.0 Evocations
 - Level 6.0 Shapeshifting


You had 9 spell levels left.
You didn't know any spells.
Your spell library contained the following spells:

 Spells                   Type           Power      Damage    Failure   Level
 Apportation              Tloc           0%         N/A       38%         1
 Necrotise                Necr           0%         1d4       38%         1
 Sting                    Tmut/Pois      0%         1d3       38%         1
 Summon Small Mammal      Summ           0%         N/A       38%         1
 Poisonous Vapours        Pois/Air       0%         N/A       52%         2
 Gell's Gravitas          Tloc           0%         N/A       77%         3
 Portal Projectile        Hex/Tloc       0%         N/A       77%         3
 Teleport Other           Tloc           0%         N/A       77%         3
 Tukima's Dance           Hex            0%         N/A       77%         3
 Iskenderun's Mystic Bla  Conj/Tloc      0%         2d3       99%         4
 Olgreb's Toxic Radiance  Pois           0%         N/A       99%         4
 Summon Ice Beast         Ice/Summ       0%         N/A       99%         4
 Summon Mana Viper        Hex/Summ       0%         N/A       100%        5
 Dispersal                Tloc           0%         N/A       100%        6
 Monstrous Menagerie      Summ           0%         N/A       100%        7


Dungeon Overview and Level Annotations

Branches:
Dungeon (10/15)            Temple (1/1) D:4            Lair (0/5) D:10
    Orc: D:9-12

Altars:
Ashenzari
Cheibriados
Dithmenos
Elyvilon
Fedhas
Gozag
Hepliaklqana
Kikubaaqudgha
Makhleb
Okawaru
Qazlal
Ru
Sif Muna
Trog
Uskayaw
Vehumet
Wu Jian
Xom
Yredelemnul
Zin
The Shining One

Shops:
D:5 *   D:6 *

Annotations:
D:9 exclusion: statue
D:10 Maurice


Innate Abilities, Weirdness & Mutations

You are a hulking beast.
Your limbs bulge with bestial killing power. (Slay +4)
You can breathe blasts of noxious fumes.
Your lurid green scales are hard. (AC +7)
You cannot fit into any form of body armour.
Your system is resistant to poisons. (rPois)
You are cold-blooded and may be slowed by cold attacks.


Message History

The wight is almost destroyed.
The wight hits you but does no damage.
You hit the wight. You burn the wight.
You destroy the wight!
No target in view!
You now have 945 gold pieces (gained 9).
Things that are here:
a +0 hand axe; a +0 robe
Found a stone staircase leading up.
G - a scroll of amnesia
p - 2 sedimented ruby potions (gained 1)
Found a stormy altar of Qazlal.
No target in view!
No target in view!
No target in view!
A centaur warrior comes into view.
Found a blossoming altar of Fedhas.
The centaur warrior shouts!
You hear a shout!
The centaur warrior wields a +0 orcbow.
The centaur warrior shoots an arrow.
The arrow hits you!
Maurice the Thief comes into view.
He is wielding a +0 short sword and carrying a wand of quicksilver.
The centaur warrior shoots an arrow.
The arrow hits you!
A two-headed ogre comes into view.
It is wielding a +0 giant spiked club and a +0 giant club.
Maurice tries to hide in the shadows.
The centaur warrior shoots an arrow.
The arrow hits you!
The centaur warrior shoots an arrow.
The arrow hits you!
The centaur warrior shoots an arrow.
The arrow hits you!
Maurice gestures wildly while chanting.
Maurice flickers and vanishes!
Deactivating autopickup; reactivate with Ctrl-A.
The centaur warrior shoots an arrow.
The arrow hits you!!
* * * LOW HITPOINT WARNING * * *
Okay, then.
Blink to where?
Press: ? - help, Dir - move target
As you read the scroll of blinking, it crumbles to dust.
You fade into invisibility!
The centaur warrior shoots an arrow.
The arrow hits you!!
You die...
Your body crumbles into a pile of gold.

############# ##
#{c.c...ยง...# .
##.##.#########.#
#######
8_..#...#.#
####.##### #......
_.c.@.....#
#........###.#####
...O#...###
#c##...#.........#
# ##.##
#.........##.###.#
#. #.........##.#
#.# #.
#h........##.# #.#
#+ #.##...#..##..
#.# #.##...#..###.
#.#
#.........###.##.#
#.###.###........#
... #####....# ...
......... ...
###.....# #..#..#


You could see a centaur warrior (unable to see you).

Vanquished Creatures
  Erica (D:8)
  Amaemon (D:8)
  Pikel (D:3)
  Joseph (D:9)
  An orange demon (D:8)
  Jeremiah (D:8)
  Psyche (D:9)
  Prince Ribbit (D:7)
  A hornet (D:8)
  Sigmund (D:6)
  A wraith (D:9)
  2 steam dragons
  An acid dragon (D:8)
  2 orc warriors
  A sky beast (D:7)
  A black bear (D:8)
  3 centaurs
  A lemure (D:4)
  2 kobold brigands (D:9)
  6 bullfrogs
  A scorpion (D:6)
  10 wights
  2 orc priests
  Crazy Yiuf (D:7)
  A hound (D:5)
  3 gnoll boudas
  3 iguanas
  8 orc wizards
  7 gnolls (D:7)
  8 adders
  2 white imps
  3 worms (D:2)
  3 dart slugs
  32 orcs
  6 ball pythons
  4 bats (D:3)
  4 endoplasms
  A giant cockroach (D:1)
  4 goblins
  8 hobgoblins
  3 jackals (D:2)
  3 quokkas
  3 frilled lizards (D:1)
  11 kobolds
  7 rats
168 creatures vanquished.

Notes
Turn   | Place    | Note
-------+----------+-------------------------------------------
     0 | D:1      | Newt the Draconian Shapeshifter began the quest for the
                  | Orb.
     0 | D:1      | Reached XP level 1. HP: 16/16 MP: 1/1
    73 | D:1      | Found a faded altar of an unknown god.
   167 | D:1      | You fall into a shaft and drop 1 floor!
   483 | D:1      | Reached XP level 2. HP: 23/25 MP: 2/2
   770 | D:2      | Reached XP level 3. HP: 29/31 MP: 3/3
  1890 | D:3      | Found a large runed translucent door.
  1891 | D:3      | Found a large runed translucent door.
  1960 | D:3      | Reached XP level 4. HP: 40/40 MP: 4/4
  2462 | D:3      | Found a hide-covered altar of Uskayaw.
  2467 | D:3      | Found an ornate altar of the Wu Jian Council.
  2524 | D:4      | Reached XP level 5. HP: 20/46 MP: 5/5
  2694 | D:4      | Found a staircase to the Ecumenical Temple.
  2915 | Temple   | Entered the Ecumenical Temple
  2978 | Temple   | Became a worshipper of Gozag Ym Sagoz the Greedy
  3060 | D:4      | Noticed a lemure
  3068 | D:4      | Killed a lemure
  3085 | D:4      | Noticed Pikel
  3085 | D:4      | Noticed a lemure
  3085 | D:4      | Noticed a lemure
  3108 | D:3      | Killed Pikel
  3109 | D:3      | Reached XP level 6. HP: 13/52 MP: 6/6
  3109 | D:3      | Your scales start taking on a lurid green colour.
  3109 | D:3      | Reached XP level 7. HP: 15/59 MP: 7/7
  3109 | D:3      | Gained mutation: Your system is resistant to poisons.
                  | (rPois) [Green Draconian growth]
  3428 | D:4      | Found a snail-covered altar of Cheibriados.
  3741 | D:4      | Found a shadowy altar of Dithmenos.
  4018 | D:5      | Entered Level 5 of the Dungeon
  4765 | D:5      | Found Asadiw's Assorted Antiques.
  4797 | D:5      | Bought a glowing war axe for 175 gold pieces
  5274 | D:6      | Noticed a steam dragon
  5281 | D:6      | Killed a steam dragon
  5368 | D:6      | Reached XP level 8. HP: 45/66 MP: 8/8
  5449 | D:6      | Reached skill level 5 in Dodging
  5499 | D:6      | Noticed Sigmund
  5508 | D:6      | Killed Sigmund
  5719 | D:6      | Found Xeoron's Assorted Antiques.
  5724 | D:6      | Bought a scroll of enchant weapon for 217 gold pieces
  5936 | D:7      | Noticed Prince Ribbit
  5948 | D:7      | Killed Prince Ribbit
  5949 | D:7      | Reached skill level 5 in Axes
  6248 | D:7      | Found a glowing silver altar of Zin.
  6337 | D:7      | Found a shimmering altar of Xom.
  6395 | D:7      | Reached XP level 9. HP: 68/71 MP: 9/9
  6654 | D:7      | Found a runed translucent door.
  6655 | D:7      | Noticed Crazy Yiuf
  6829 | D:7      | Killed Crazy Yiuf
  6830 | D:7      | Identified the +5 hammer "Spiderbane" {holy, Fragile rF+
                  | rN+ Str+3}
  7059 | D:8      | Reached skill level 5 in Fighting
  7326 | D:8      | Noticed Erica
  7338 | D:8      | Killed Erica
  7579 | D:8      | Reached skill level 1 in Evocations
  7660 | D:8      | Noticed Amaemon
  7661 | D:8      | Noticed an orange demon
  7667 | D:8      | Killed an orange demon
  7668 | D:8      | Reached XP level 10. HP: 82/88 MP: 10/10
  7674 | D:8      | Killed Amaemon
  7742 | D:8      | Noticed Jeremiah
  7878 | D:8      | Killed Jeremiah
  7879 | D:8      | Reached skill level 5 in Evocations
  8451 | D:9      | Noticed Psyche
  8469 | D:9      | Killed Psyche
  8520 | D:9      | Found a radiant altar of Vehumet.
  8565 | D:9      | Found a broken altar of Ashenzari.
  8684 | D:9      | Noticed Joseph
  8694 | D:9      | Killed Joseph
  9355 | D:10     | Entered Level 10 of the Dungeon
  9359 | D:10     | Found a staircase to the Lair.
  9360 | D:10     | Found a glowing golden altar of the Shining One.
  9609 | D:10     | Found a stormy altar of Qazlal.
  9610 | D:10     | Found a blossoming altar of Fedhas.
  9610 | D:10     | Noticed a centaur warrior
  9610 | D:10     | Noticed Maurice
  9612 | D:10     | Noticed a two-headed ogre
  9630 | D:10     | Shot with an arrow by a centaur warrior

Illustrated notes

Levels and vault maps discovered:
D:1:      dpeg_arrival_court, layout_basic, hellmonk_ecumenical_altar_blasted,
          minmay_pentomino_v2
D:2:      layout_loops_ring
D:3:      layout_loops_corners, jmf_multi_god_temple2
D:4:      layout_layer_cave, grunt_dithmenos_smoke_and_mirrors,
          kennysheep_slug_shrine, minmay_temple_entry_glass, uniq_pikel
D:5:      layout_cave_pods, serial_shops, nicolae_shop_tiny_statue_garden,
          kennysheep_generic_room_16
D:6:      layout_loops_ring, serial_shops, nicolae_shop_hallway_plus,
          amethyst_killhole, uniq_sigmund
D:7:      layout_rooms, overflow_temple_1_default, marbit_many_paths,
          uniq_prince_ribbit1, uniq_crazy_yiuf_cottage
D:8:      layout_layer_cave, uniq_amaemon, uniq_erica, uniq_jeremiah
D:9:      layout_basic, mainiacjoe_overflow_catwalk, vehumet_statue,
          hangedman_abyss_or_decor_stagger, uniq_psyche, uniq_joseph
D:10:     layout_loops_corners, chequers_temple_overflow_statue_of_worship,
          mainiacjoe_overflow_concentric_impassable, lair_entry_dummy,
          uniq_maurice, uniq_grum
Temple:   hellmonk_temple_micro_hex

Skill      XL: |  1  2  3  4  5  6  7  8  9 10 |
---------------+-------------------------------+-----
Fighting       | 2 3 4 8 |  8.0
Shapeshifting  | 4 6 |  6.0
Maces & Flails | 2 3 |  3.0
Dodging        | 4 5 |  5.6
Axes           | 6 8 |  8.7
Evocations     | 2 7 |  7.0
Unarmed Combat | |  3.0

Action                     |  1- 3 |  4- 6 |  7- 9 | 10-12 || total
---------------------------+-------+-------+-------+-------++-------
  Melee: Mace              |    63 |       |       |       ||    63
         Tailslap          |     8 |     7 |    14 |     9 ||    38
         Whip              |    27 |    70 |    39 |       ||   136
         Punch             |       |     2 |     6 |     1 ||     9
         War axe           |       |       |   123 |    56 ||   179
Ability: Breathe Noxious F |       |       |     3 |     2 ||     5
  Evoke: Wand              |       |     1 |     3 |       ||     4
    Use: Scroll            |     4 |     5 |     7 |     1 ||    17
         Potion            |       |     1 |     1 |     1 ||     3
   Stab: Sleeping          |     1 |     1 |     1 |       ||     3
         Confused          |       |       |     1 |     4 ||     5
 Armour: Skin              |    29 |    18 |    51 |    16 ||   114
  Dodge: Dodged            |    69 |    43 |   101 |    40 ||   253

Table legend: (Time is in decaauts)
 A = Elapsed time spent in this place.
 B = Non-inter-level travel time spent in this place.
 C = Inter-level travel time spent in this place.
 D = Time resting spent in this place.
 E = Time spent auto-exploring this place.
 F = Levels seen in this place.
 G = Mean time per level.
                   A        B        C        D        E       F      G
               +--------+--------+--------+--------+--------+-----+--------+
         Total |   9710 |   9338 |    372 |   1663 |   6504 |  11 |  882.7 |
       Dungeon |   9641 |   9274 |    367 |   1663 |   6504 |  10 |  964.1 |
        Temple |     68 |     63 |      5 |      0 |      0 |   1 |   68.0 |
               +--------+--------+--------+--------+--------+-----+--------+

Top non-repeatable levels by time:
     D:8: 1382 daAuts
     D:3: 1184 daAuts
     D:4: 1151 daAuts
     D:9: 1144 daAuts
     D:5: 1067 daAuts
     D:7: 934 daAuts
     D:2: 914 daAuts
     D:6: 849 daAuts
     D:1: 739 daAuts
    D:10: 274 daAuts
  Temple: 68 daAuts
